← All builds
Tech / Armada / Economy first / OBSERVED BUILD

Standard tech

Standard Tech play: rush T2 factory and constructor by ~4:15-4:33, upgrade the first mexes to advanced, and hand off constructors and army to Geo and allies while scaling eco over the game.

Usually first T2 con to Geo (85%)

#eco #t2 #team support · 681 distinct matches · 101 players · 59% of Armada Tech games · team won 53% of 793 · Recently observed

HOW TO PLAY IT

Key timing: T2 lab by 4:15

  1. Take 3 mex, then wind and a Bot Lab to open eco fast.
  2. Push T2 lab out, aim to pass T2 to air player.
  3. Get first T2 constructor building, prioritize mex upgrades over eco.
  4. Finish Advanced Metal Extractor, keep upgrading team's mex.
  5. Add fus and anti-nuke, keep feeding T2 cons and Umbrella/Citadel to team.

Phase by phase

TYPICAL OF ITS 681 GAMES
  1. 1
  2. 2
  3. 3
  4. 4
PLAY THE OPENING

Follow the example game's first 6:00 step by step: what to build now, what comes next, and where it goes. At 1× it keeps pace with your own game.

  1. 1

    Up to the Bot Lab

    Economy
    • Metal Extractor3Mex
    • Wind Turbine4Wind
    Order
    1. Bot LabBot Lab after 3 mex, 4 winddone ~1:18, middle half 1:13–1:32

    Some games also: energy storage (30%)

    By 1:01 in all: 3 mex · 4 wind

    The example game in this phase · 3 steps
    1. Mex ×3
    2. Wind ×5
    3. Bot LabBot Labdone 1:20 · typical 1:18
  2. 2

    Bot Lab to Advanced Bot Lab

    Economy
    • Metal Extractor1Mex
    • Wind Turbine8Wind
    • Energy Storage1Energy storage
    Order
    1. Advanced Bot LabAdvanced Bot Lab after 4 mex, 12 wind, 3 con turretdone ~4:15, middle half 4:04–4:27
    Builders
    • Construction Turret3 Con turret
    • Lazarus3 Lazarus
    • Construction Bot2 Con bot
    • Construction Bot1 Con bot for allies

    Some games also: converter (36%)

    By 3:20 in all: 4 mex · 12 wind · 1 energy storage · 3 con turret

    The example game in this phase · 27 steps
    1. Construction BotCon bot
    2. Wind
    3. LazarusLazarus
    4. Wind
    5. LazarusLazarus ×2
    6. Wind
    7. Mex
    8. Construction BotCon botfor Air
    9. Wind ×2
    10. Con turret ×2
    11. Wind ×2
    12. Con turret
    13. Wind
    14. Energy storage
    15. Wind ×2
    16. Converter
    17. Wind
    18. Converter
    19. Wind ×2
    20. Converter
    21. Wind
    22. Converter
    23. Wind
    24. Converter
    25. Wind
    26. Converter
    27. Advanced Bot LabAdvanced Bot Labdone 4:24 · typical 4:15
  3. 3

    Advanced Bot Lab to 5:00

    Economy
    • Wind Turbine2Wind
    Builders
    • Advanced Construction Bot1 T2 con bot for allies

    Some games also: converter (35%)

    By 5:00 in all: 4 mex · 15 wind · 2 converter · 1 energy storage · 3 con turret

    The example game in this phase · 4 steps
    1. Wind ×2
    2. Advanced Construction BotT2 con botfor Geo
    3. FatboyFatboyfor Ponddone 5:03
    4. Advanced Metal ExtractorT2 mexdone 5:31 · typical 5:28
  4. 4

    5:00 to 10:00

    Economy
    • Wind Turbine43Wind
    • Energy Converter5Converter
    Builders
    • Butler8 Butler
    • Advanced Construction Bot4 T2 con bot for allies
    • Advanced Construction Bot1 T2 con bot

    Some games also: con turret (46%) · Butler for allies (38%)

    By 10:00 in all: 4 mex · 58 wind · 7 converter · 1 energy storage · 3 con turret

    The example game in this phase · 172 steps
    1. Advanced Construction BotT2 con botfor Air
    2. Advanced Metal ExtractorT2 mex ×3
    3. ButlerButler ×3
    4. Advanced Construction BotT2 con botfor Geo sea
    5. Wind ×5
    6. ButlerButler
    7. Wind ×4
    8. ButlerButler
    9. Wind ×4
    10. ButlerButler
    11. Wind ×3
    12. Advanced Construction BotT2 con botfor Pond
    13. Wind ×5
    14. ButlerButler
    15. Wind ×4
    16. ButlerButler
    17. Wind ×5
    18. ButlerButler
    19. Wind ×5
    20. Converter
    21. Advanced Construction BotT2 con botfor Beach sea
    22. Wind
    23. Converter
    24. Wind ×3
    25. Converter
    26. Wind ×3
    27. Converter
    28. ButlerButler
    29. Wind ×3
    30. Converter
    31. Wind ×2
    32. ButlerButler
    33. Wind ×4
    34. Converter
    35. Wind
    36. ButlerButler
    37. Wind ×5
    38. Converter
    39. Wind ×3
    40. ButlerButler
    41. Converter
    42. Wind ×3
    43. Converter
    44. Wind ×2
    45. Advanced Construction BotT2 con bot
    46. Converter
    47. Wind ×3
    48. Converter
    49. Wind ×3
    50. Converter
    51. Wind ×3
    52. Converter
    53. Wind ×3
    54. Fusion ReactorFusiondone 11:17
    55. Wind ×6
    56. Converter
    57. Wind ×7
    58. Converter
    59. Wind ×5
    60. Converter
    61. Wind ×3
    62. Converter
    63. Wind ×3
    64. Converter
    65. Wind ×3
    66. Converter
    67. Wind ×4
    68. Converter
    69. Wind ×4
    70. Converter
    71. Wind ×3
    72. Converter
    73. Wind ×3
    74. Converter
    75. Wind ×2
    76. Converter
    77. Wind ×3
    78. Converter
    79. Wind ×4
    80. Converter
    81. Wind ×3
    82. Converter
    83. Wind ×4
    84. Converter
    85. Wind ×6
    86. Converter
    87. Wind ×6
    88. Converter
    89. Wind ×5
    90. Converter
    91. Wind ×3
    92. Converter
    93. Wind ×3
    94. Converter
    95. Wind ×3
    96. Converter
    97. Wind ×3
    98. Converter
    99. Wind
    100. Con turret
    101. Wind ×2
    102. Converter
    103. Wind ×3
    104. Con turret
    105. Converter
    106. Wind ×3
    107. Converter
    108. Wind ×3
    109. Converter
    110. Con turret
    111. Wind ×3
    112. Converter
    113. Wind
    114. Con turret
    115. Wind ×2
    116. Converter
    117. Wind ×2
    118. Con turret
    119. Wind
    120. TracerTracer
    121. Converter
    122. Wind ×3
    123. Converter
    124. Wind ×3
    125. Converter
    126. Wind ×3
    127. Converter
    128. Wind
    129. CitadelAnti-nukedone 13:15
    130. Wind ×2
    131. Converter
    132. Con turret
    133. Wind ×3
    134. Converter
    135. Wind
    136. Con turret
    137. Wind ×2
    138. Converter
    139. Wind ×3
    140. Converter
    141. Con turret
    142. Wind ×3
    143. Fusion ReactorFusion
    144. Converter
    145. Wind
    146. Con turret
    147. Wind ×3
    148. Con turret
    149. Wind ×2
    150. Converter
    151. Wind ×6
    152. Converter
    153. Wind ×7
    154. Converter
    155. Wind ×2
    156. Converter
    157. Wind ×3
    158. Converter ×2
    159. Wind ×5
    160. Fusion ReactorFusion
    161. Converter
    162. Wind ×3
    163. Converter
    164. Wind ×4
    165. Converter
    166. Wind
    167. Converter
    168. Wind ×2
    169. Converter ×2
    170. Wind ×2
    171. Converter ×2
    172. Wind ×2

Counts are medians over the build's games: half of them build more, half fewer. The example game is KOT_'s (39 OS, 13/09/2026); pick another.

Team trades

IN AT LEAST 30% OF ITS GAMES

You hand over

  • Construction Bot1 Con bot to Airfirst at 2:22 · in 88% of games
  • Advanced Construction Bot5 T2 con bot to Air or Pond or Geo seafirst at 4:46 · in 99% of games
  • Sharpshooter2 Sniper bot to Pondfirst at 5:23 · in 33% of games
  • Butler2 Butler to Geo sea or Beach sea or Pondfirst at 9:03 · in 42% of games

You get

  • Hercules1 Light transport from Airfirst at 3:59 · in 85% of games

How it plays out

Typical game of this build, running totals by minute

Metal produced

020k40k
0:005:0010:0015:00

metal

Enemy metal destroyed

0200400
0:005:0010:0015:00

metal

Own metal lost

0100200300
0:005:0010:0015:00

metal

793 games.

Show as table
ByMetal produced: This buildEnemy metal destroyed: This buildOwn metal lost: This build
1:0038300
2:0091500
3:00163500
4:00314800
5:00486300
6:00580700
7:00722000
8:00906100
9:001124700
10:001355300
11:001634200
12:001985000
13:002364400
14:0027360125130
15:0031473385260
WHAT THE NUMBERS SAY

This is the role's baseline and wins slightly more than half its games with a huge metal lead but almost no kills, showing its value is economic not combat.

  • + Produces 31389 metal by 15:00, far above other roles.
  • + Reaches T2 lab and constructor by 4:15-4:33 almost every game.
  • − Barely destroys any enemy metal (400 by 15:00), no combat presence.
  • − Fusion Reactor and anti-nuke only land in 44% of games.
THE EXAMPLE YOU ARE READING

KOT_

39.3 OS · 13/09/2026

Open source match ↗

1 received units
2414 metal received · 37102 energy received

Allied construction assistance is unknown. Timings are observations, not a promise of solo reproducibility.

Typical milestones

Bot Lab1:18Middle 50%: 1:13–1:32 · n=793
Advanced Bot Lab4:15Middle 50%: 4:04–4:27 · n=787
Advanced Metal Extractor5:28Middle 50%: 5:06–5:58 · n=791

Played most by

Amrissa100games of this buildSyphos34games of this buildKOT_33games of this buildTeaner28games of this buildAdeus26games of this build